[Event "French-ch U16-U18 2024"]
[Site "Agen"]
[Date "2024.04.16"]
[Round "4.5"]
[White "Tran, Ky Lan"]
[Black "Fesigny, Oceane"]
[Result "0-1"]
[ECO "E09"]
[WhiteElo "1724"]
[BlackElo "1829"]
[Annotator "NA RC"]
[PlyCount "74"]
[EventDate "2024.04.14"]
[EventType "swiss"]
[EventCountry "FRA"]
[SourceTitle "playchess.com"]
[Source "ChessBase"]
[SourceQuality "1"]
[TimeControl "5400+30"]

1. d4 d5 2. c4 e6 3. g3 Nf6 4. Bg2 Be7 5. Nf3 O-O 6. O-O Nbd7 7. Nc3 c6 8. Qd3 b6 9. e4 dxe4 10. Nxe4 Bb7 11. Rd1 Nxe4 12. Qxe4 Nf6 13. Qc2 Qc8 14. c5 Nd5 15. a3 Bf6 16. Bg5 Qc7 17. Bxf6 gxf6 18. Rac1 Rfd8 19. Qe4 Qe7 20. Nh4 Rd7 21. Re1 Qf8 22. f4 f5 23. Qe2 Qg7 24. Nf3 Ne7 25. Rcd1 Rad8 26. Qf2 bxc5 27. Qc2 cxd4 28. Ne5 Rd6 29. Nc4 d3 30. Qf2 Rd4 31. Ne5 Ba8 32. Qd2 c5 33. Rc1 Bxg2 34. Kxg2 Rc8 35. b3 Ng6 36. Kh1 Nxe5 37. Rxe5 Qg4 0-1

[Event "French-ch U16-U18 2024"]
[Site "Agen"]
[Date "2024.04.16"]
[Round "4.6"]
[White "Lissillour, Baptiste"]
[Black "Kuhn, Clement"]
[Result "1/2-1/2"]
[ECO "E42"]
[WhiteElo "2130"]
[BlackElo "2349"]
[Annotator "ChessBase"]
[PlyCount "235"]
[EventDate "2024.04.14"]
[EventType "swiss"]
[EventCountry "FRA"]
[SourceTitle "playchess.com"]
[Source "ChessBase"]
[SourceQuality "1"]
[TimeControl "5400+30"]

1. d4 Nf6 2. c4 e6 3. Nc3 Bb4 4. e3 c5 5. Nge2 cxd4 6. exd4 d5 7. c5 Ne4 8. a3 Nxc3 9. Nxc3 Bxc3+ 10. bxc3 Nc6 11. Bd3 e5 12. O-O e4 13. Bc2 O-O 14. f3 Qa5 15. Bb2 Bf5 16. c4 dxc4 17. fxe4 c3 18. Bc1 Bg6 19. Bf4 Rfe8 20. Re1 b6 21. Bd6 bxc5 22. dxc5 Rad8 23. Bb3 c2 24. Bxc2 Re5 25. Qf3 Nd4 26. Qf2 Nxc2 27. Qxc2 Rd5 28. Qc4 Rd2 29. Qb4 Qxb4 30. axb4 Rb2 31. c6 Rxd6 32. Rad1 Kf8 33. Rxd6 Ke7 34. Rc1 Bxe4 35. c7 Bb7 36. Rd8 Rxg2+ 37. Kf1 Rxh2 38. c8=Q Bxc8 39. Rdxc8 Rb2 40. R8c4 h5 41. Ra1 g5 42. Rxa7+ Kf6 43. Rc6+ Kg7 44. Rc5 Kg6 45. b5 h4 46. Ra8 f6 47. Rh8 Kg7 48. Ra8 Kg6 49. Ra6 h3 50. Rcc6 Rb1+ 51. Kf2 h2 52. Rxf6+ Kg7 53. Rfc6 Rf1+ 54. Kxf1 h1=Q+ 55. Kf2 Qh2+ 56. Ke3 Qe5+ 57. Kd2 Qb8 58. Kc3 g4 59. Kb4 g3 60. Rab6 Qf8+ 61. Ka4 g2 62. Rg6+ Kh7 63. Rxg2 Qa8+ 64. Ra6 Qxg2 65. Ka5 Qd2+ 66. Kb6 Qd6+ 67. Kb7 Qd7+ 68. Kb6 Kg6 69. Ra7 Qd3 70. Rc7 Kf6 71. Ka6 Ke6 72. Rc5 Qa3+ 73. Kb6 Qe3 74. Kc6 Qd4 75. Rh5 Qe4+ 76. Kb6 Qe3+ 77. Ka6 Kd6 78. Rh8 Qa3+ 79. Kb7 Qf3+ 80. Ka7 Qf7+ 81. Ka6 Qa2+ 82. Kb7 Qd5+ 83. Ka6 Qa2+ 84. Kb7 Qg2+ 85. Ka6 Qg7 86. Rc8 Qa1+ 87. Kb7 Qh1+ 88. Rc6+ Kd7 89. Ka7 Qd5 90. Kb6 Qd4+ 91. Kb7 Qa4 92. Rc7+ Kd6 93. Rc6+ Kd5 94. Kb6 Qa8 95. Rc5+ Kd4 96. Rc6 Qb8+ 97. Ka6 Kd5 98. Rc2 Qd6+ 99. Rc6 Qa3+ 100. Kb6 Qb4 101. Rc7 Qf8 102. Rc6 Qe7 103. Rc7 Qe3+ 104. Kb7 Qe8 105. Rc6 Qd7+ 106. Kb6 Qd8+ 107. Ka6 Qa8+ 108. Kb6 Qa3 109. Rc7 Qa8 110. Rc6 Qb8+ 111. Ka6 Kd4 112. Rc2 Kd5 113. Rc6 Qd8 114. Rc2 Qh8 115. Rc6 Qd4 116. Rc7 Kd6 117. Rc6+ Kd7 118. Kb7 1/2-1/2

[Event "French-ch U16-U18 2024"]
[Site "Agen"]
[Date "2024.04.16"]
[Round "4.7"]
[White "Garde, Guillaume"]
[Black "Vallee, Louis"]
[Result "0-1"]
[ECO "B23"]
[WhiteElo "2101"]
[BlackElo "2270"]
[Annotator "RC"]
[PlyCount "108"]
[EventDate "2024.04.14"]
[EventType "swiss"]
[EventCountry "FRA"]
[SourceTitle "playchess.com"]
[Source "ChessBase"]
[SourceQuality "1"]
[TimeControl "5400+30"]

1. e4 c5 2. Nc3 Nc6 3. Bb5 Nd4 4. Nf3 a6 5. Bd3 g6 6. O-O Bg7 7. Re1 Nh6 8. Nxd4 cxd4 9. Ne2 Ng4 10. c3 Qc7 11. Ng3 h5 12. h3 Ne5 13. Qc2 Qd6 14. cxd4 Qxd4 15. Bf1 h4 16. Nh1 d5 17. Qc3 Qxc3 18. dxc3 dxe4 19. Rxe4 Bf5 20. Re1 O-O-O 21. Bf4 Nc6 22. f3 e5 23. Be3 Be6 24. Nf2 f5 25. Red1 Rxd1 26. Rxd1 Bxa2 27. c4 Nd4 28. f4 Nc2 29. Bb6 e4 30. Rd2 Bb3 31. Rd6 Bxb2 32. Rxg6 Re8 33. Be2 Nd4 34. Bh5 e3 35. Nd3 e2 36. Rd6 Rh8 37. Bg6 Bxc4 38. Ne1 Nc6 39. Bxf5+ Kb8 40. Kf2 Rf8 41. Be4 Rxf4+ 42. Bf3 Bd4+ 43. Bxd4 Rxd4 44. Rh6 Ne5 45. Rh8+ Ka7 46. Re8 Nxf3 47. Nxf3 Rd1 48. Ne1 a5 49. Re4 b5 50. Rxh4 a4 51. Re4 a3 52. Re3 a2 53. Ra3+ Kb6 54. Nc2 Rf1+ 0-1

[Event "French-ch U16-U18 2024"]
[Site "Agen"]
[Date "2024.04.16"]
[Round "4.8"]
[White "Marchix, Esteban"]
[Black "Trevisiol, Antoine"]
[Result "0-1"]
[ECO "C78"]
[WhiteElo "2019"]
[BlackElo "2235"]
[Annotator "TA"]
[PlyCount "160"]
[EventDate "2024.04.14"]
[EventType "swiss"]
[EventCountry "FRA"]
[SourceTitle "playchess.com"]
[Source "ChessBase"]
[SourceQuality "1"]
[TimeControl "5400+30"]

1. e4 e5 2. Nf3 Nc6 3. Bb5 a6 4. Ba4 Nf6 5. O-O b5 6. Bb3 Bc5 7. a4 Bb7 8. c3 d6 9. d4 Bb6 10. Re1 h6 11. axb5 axb5 12. Rxa8 Qxa8 13. Na3 O-O 14. Nxb5 {[%emt 0:14:18] C78: Ruy Lopez: Archangelsk and Möller Defences.} exd4 15. cxd4 Na5 16. Bc2 Nxe4 17. b4 Nc4 18. Nh4 $146 ({Predecessor:} 18. Qd3 d5 19. Bf4 Qc8 20. Nc3 Re8 21. Na4 Ba6 22. Qd1 Na3 23. Bxe4 Rxe4 24. Rxe4 dxe4 {½-½ Moradi,B (2220)-Moradiabadi,E (2354) IRI-ch Mashad 2003 (4)}) 18... Re8 19. Nf5 Nf6 20. Rxe8+ Qxe8 21. Nc3 Qa8 22. Qe2 Qa1 23. Qe1 g6 24. Nxh6+ Kg7 25. Nf5+ Kh7 26. Ng3 Bxd4 27. Nce2 (27. Nge2 $11 Bb6 28. h3) 27... Bb2 $15 28. Bb3 Ne5 29. Qd1 Ba6 30. Bxb2 (30. Qc2 $142 Nd3 (30... Bxc1 31. Qxc1 Qxc1+ 32. Nxc1 $17) 31. Qxc7 Bxc1 32. Qxf7+ (32. Qxd6 Be3+) 32... Kh6 33. Qf8+ Kg5 34. Bd1 Nxf2 (34... Nxb4 $2 35. h4+ Kxh4 36. Nf5+ Kg5 37. Ned4 $18) 35. Kxf2) 30... Qxb2 $17 31. Qc2 Qa1+ (31... Qxc2 $19 32. Bxc2 Nc6) 32. Qc1 $15 Qxc1+ 33. Nxc1 Kg7 34. f3 {[%emt 0:00:08] [#]} ({White should play} 34. Nf1 $15) 34... Nc6 $1 $17 35. Na2 Nd4 36. Ba4 Nd5 37. Ne4 Bc4 38. Nec3 Ne2+ 39. Nxe2 Bxa2 40. Nd4 (40. b5 $142) 40... Nxb4 $17 41. Nb5 Nd5 42. Kf2 Kf6 43. h4 Bc4 44. Nd4 c5 45. Nc2 (45. Nb3 $17) 45... Nb6 $19 46. Bc6 d5 47. Ke3 Ke5 48. f4+ (48. Kf2 {is a better defense.}) 48... Kd6 $19 49. Be8 Bb3 50. Na3 $2 (50. Kd3 d4 51. Nxd4 cxd4 52. Kxd4) 50... Nc4+ $19 51. Nxc4+ Bxc4 (51... dxc4 52. Bxf7 Bc2 53. Bxc4 $18) 52. g4 d4+ 53. Ke4 Ke6 54. Ba4 Be2 55. f5+ gxf5+ 56. gxf5+ Kf6 57. Kf4 c4 58. Ke4 d3 59. Ke3 c3 60. Bd7 Bf1 61. h5 d2 62. Ba4 Kxf5 $2 (62... Kg5 {mates} 63. Bb3 Bh3 (63... Kxf5 $2 64. h6 $19) (63... Kxh5 64. Bxf7+ Kg5 65. Bb3 $15) 64. Kd4 Bg4 (64... Kxf5 65. Kxc3 Bg4 66. Kxd2 $11) 65. h6 Kxh6 (65... d1=B 66. h7 $18) 66. Kxc3 d1=Q (66... d1=B 67. Bxf7 Bxf5 $19) 67. Bxd1 Bxd1 68. f6 Kg6 69. Kd2 Bg4 70. Ke3 Kf5 (70... Kxf6 71. Kf4 Bh5 72. Ke4 Kg5 73. Ke3 f5 74. Kd4 f4 75. Ke4 f3 76. Ke3 Bg4 77. Ke4 f2 78. Ke5 f1=Q 79. Kd5 Kf4 80. Kd4 Qb5 81. Kc3 Ke3 82. Kc2 Kd4 83. Kc1 Qb3 84. Kd2 Qd1#) 71. Kd4 Kxf6 72. Kd5 Kg5 73. Ke4 f5+ 74. Ke3 f4+ 75. Kf2 f3 76. Ke3 Kf5 77. Kf2 Kf4 78. Ke1 Ke3 79. Kd1 f2+ 80. Kc1 Kd4 (80... f1=R+ 81. Kb2 Be6 82. Ka3 Kd4 83. Kb4 Bc4 84. Ka4 Kc3 85. Ka5 Rf6 86. Ka4 Ra6#) 81. Kb2 f1=Q (81... f1=R 82. Kb3 Be6+ 83. Kc2 Rf2+ 84. Kd1 Ke3 85. Kc1 Bf5 86. Kd1 Rf1#) 82. Kc2 Qa1 83. Kb3 Bd1+ 84. Kb4 Qa4#) 63. Bd1 $2 (63. Kd4 $11) 63... Kg5 64. Bf3 Bh3 65. Bd1 Bg4 66. h6 Bf5 67. Bb3 Kxh6 68. Ke2 Bg4+ 69. Kd3 d1=Q+ 70. Bxd1 Bxd1 71. Kxc3 Kg5 72. Kd2 Ba4 73. Ke3 Kg4 74. Kf2 Kf4 75. Kf1 f5 76. Kf2 Bb5 77. Kg1 Ke3 78. Kg2 f4 79. Kh1 f3 80. Kh2 f2 0-1

[Event "French-ch U16-U18 2024"]
[Site "Agen"]
[Date "2024.04.16"]
[Round "4.9"]
[White "Breuil, Tristan"]
[Black "Thill-Solente, Gabriel"]
[Result "1-0"]
[ECO "B78"]
[WhiteElo "2281"]
[BlackElo "1957"]
[Annotator "TA"]
[PlyCount "79"]
[EventDate "2024.04.14"]
[EventType "swiss"]
[EventCountry "FRA"]
[SourceTitle "playchess.com"]
[Source "ChessBase"]
[SourceQuality "1"]
[TimeControl "5400+30"]

1. e4 c5 2. Nf3 d6 3. d4 cxd4 4. Nxd4 Nf6 5. Nc3 g6 6. Be3 Bg7 7. f3 O-O 8. Qd2 Nc6 9. Bc4 Bd7 10. O-O-O Rc8 11. Bb3 Ne5 12. Kb1 Nc4 13. Bxc4 Rxc4 14. g4 b5 15. b3 b4 16. bxc4 bxc3 17. Qxc3 {[%emt 0:00:15] White is better.} Qc7 18. g5 Nh5 19. Ka1 Rc8 20. Rb1 {[%emt 0:03:46] Dodges Bb5} d5 21. exd5 Qe5 $2 {[%emt 0:02:49] [#]} (21... Nf4 $16) 22. Rhd1 $18 e6 23. Rb7 Ba4 24. dxe6 (24. Rxa7 Bxc2 25. Rc1 (25. Qxc2 Qxe3 26. Qd2 Qe5 $16) 25... Bf5 $16) 24... Qxe6 25. Bc1 (25. Rxa7 Bxc2 26. Rc1 (26. Qxc2 Qxe3 27. Rd7 Qe8 $14) 26... Qb6 $18) 25... Qa6 26. Rb1 Bd7 27. c5 Be6 28. Qa3 Qc4 29. Bb2 Nf4 30. Nxe6 (30. Qxa7 Bd5 $18) 30... Bxb2+ 31. Rxb2 Nxe6 32. Qd3 Qxc5 33. Qd6 $2 (33. h4 $18) 33... Qc3 $2 (33... Nxg5 34. Qf6 Ne6 35. Rb7 Qc3+ 36. Qxc3 Rxc3 37. Kb2 (37. Rxa7 Rxc2 38. Rdd7 Rxh2 $18) 37... Rxf3 38. Rxa7 $18) (33... Rd8 $1 $11 {and Black stays safe.} 34. Qxd8+ Nxd8 35. Rxd8+ Kg7) 34. Kb1 Kg7 {[%emt 0:00:36][%cal Oc8d8] [#] Strongly threatening ...Rd8!} 35. Qe7 Qxf3 (35... Rc4 {might work better.} 36. a3 (36. Qxa7 Qxf3 37. Qg1 Qf5 $16) 36... Rf4) 36. Qf6+ Qxf6 37. gxf6+ Kxf6 38. Rf1+ Kg7 $2 (38... Ke7 {was necessary.} 39. Rb7+ Rc7 40. Rxc7+ Nxc7 41. Re1+ Kd6 42. Rd1+ Ke7) 39. Rb7 $1 Nc7 $2 (39... Rc7 40. Rxc7 Nxc7) 40. Rf3 {[%emt 0:01:07] Weighted Error Value: White=0.29 (precise) /Black=0.54.  Loses game:     	---       	Black=2      Missed win:     	White=1     	---        Mistake:       	---       	Black=3      Inaccurate:     	White=2     	---        OK:         	White=11    	Black=5      Best:        	White=3     	Black=2} 1-0

[Event "French-ch U16-U18 2024"]
[Site "Agen"]
[Date "2024.04.16"]
[Round "4.10"]
[White "Zienkiewicz, Jan"]
[Black "Munier, Alexis"]
[Result "1-0"]
[ECO "B81"]
[WhiteElo "2240"]
[BlackElo "2003"]
[Annotator "RC"]
[PlyCount "85"]
[EventDate "2024.04.14"]
[EventType "swiss"]
[EventCountry "FRA"]
[SourceTitle "playchess.com"]
[Source "ChessBase"]
[SourceQuality "1"]
[TimeControl "5400+30"]

1. e4 c5 2. Nf3 d6 3. d4 cxd4 4. Nxd4 Nf6 5. Nc3 a6 6. h3 e6 7. g4 d5 8. Nde2 Nxe4 9. Nxe4 dxe4 10. Qxd8+ Kxd8 11. Bg2 Bd7 12. Be3 Kc7 13. Bxe4 Bc6 14. Ng3 Bd6 15. Bxc6 Nxc6 16. Ne4 Be7 17. Ke2 Rad8 18. c3 Rd5 19. Rad1 Rhd8 20. Rxd5 Rxd5 21. Rf1 f6 22. f4 Ra5 23. a3 Rd5 24. b4 Rd7 25. Rc1 h6 26. Nd2 Kd8 27. Nf3 e5 28. f5 Ke8 29. Nd2 Kf7 30. Ne4 Rd8 31. h4 Rd7 32. Rf1 a5 33. Ra1 Rd8 34. b5 Nb8 35. Bb6 Rc8 36. Bxa5 Nd7 37. Rd1 Nc5 38. Nxc5 Rxc5 39. Rd7 Ke8 40. Rxe7+ Kxe7 41. Bb4 Kd6 42. c4 h5 43. gxh5 1-0

[Event "French-ch U16-U18 2024"]
[Site "Agen"]
[Date "2024.04.16"]
[Round "4.11"]
[White "Deladerriere, Calypso"]
[Black "Diez, Agathe"]
[Result "1/2-1/2"]
[ECO "C47"]
[WhiteElo "1935"]
[BlackElo "1954"]
[Annotator "TA"]
[PlyCount "130"]
[EventDate "2024.04.14"]
[EventType "swiss"]
[EventCountry "FRA"]
[SourceTitle "playchess.com"]
[Source "ChessBase"]
[SourceQuality "1"]
[TimeControl "5400+30"]

1. e4 e5 2. Nf3 Nc6 3. Nc3 Nf6 4. d4 exd4 5. Nxd4 Bb4 6. Nxc6 bxc6 7. Bd3 O-O 8. O-O Re8 9. Bg5 h6 10. Bh4 Rb8 {[%emt 0:00:12] C47: Scotch Four Knights and Four Knights with 4 g3.} 11. Qf3 Bd6 12. Rab1 Be5 13. Rfe1 d6 14. h3 $146 ({Predecessor:} 14. Qe3 Bxh2+ 15. Kf1 Be5 16. f4 Bxc3 17. bxc3 Rxb1 18. Rxb1 Ng4 19. Qg3 g5 20. f5 h5 21. Be2 Rxe4 22. Bf3 gxh4 23. Qh3 Re3 {0-1 Lombardi,D (804)-Kolanek,R (2070) OP-2012-0-02265}) 14... g5 15. Bg3 Bxg3 16. Qxg3 Nh5 17. Qf3 Nf4 18. Bc4 Be6 19. Bxe6 Rxe6 20. b3 Qe7 21. Rbd1 Re8 22. g3 $2 (22. Rf1 $11) 22... Nxh3+ $19 23. Kg2 Rf6 24. Qh5 Rxf2+ (24... Nxf2 25. Rd2 g4 (25... Qe5 26. Re3 $14) 26. e5 $14 (26. Rxf2 $2 Rxf2+ 27. Kxf2 Qf6+ 28. Qf5 Qxc3 $17)) 25. Kh1 Qe6 26. e5 Rxc2 27. Rc1 Rxc1 28. Rxc1 d5 (28... Nf2+ $142 29. Kg1 Qxe5) 29. Kg2 g4 30. Rf1 Ng5 (30... Qxe5 31. Qxf7+ Kh8 32. Rf6 $11) 31. Rf6 Qxe5 32. Qxh6 d4 33. Nd1 Ne4 $2 (33... Qd5+ {mates} 34. Kf1 d3 35. Nf2 d2 36. Rg6+ fxg6 37. Qxg6+ Kf8 38. Qh6+ Ke7 39. Qg7+ Kd8 (39... Nf7 $2 40. Qa1 $19) 40. Qf6+ Kc8 41. Qa1 Nf3 (41... Re1+ 42. Qxe1 dxe1=B 43. Kxe1 Nf3+ 44. Kf1 Qb5+ 45. Kg2 Qe2 46. b4 Nd2 47. Kh2 Qf1 48. Nxg4 Nf3#) 42. Nxg4 Re1+ (42... d1=R+ 43. Qxd1 Qxd1+ 44. Kg2 Ne1+ 45. Kg1 Qxg4 46. Kh2 Qe2+ 47. Kh3 Rh8#) 43. Kf2 Qd3 (43... Rxa1 44. Ne3 Qe4 45. g4 Nh4 46. Kg3 Rh1 47. g5 Qf3#) 44. Qh8+ Kb7 45. Qa8+ Kxa8 46. Nh6 Qf1#) 34. Rf4 $19 Qe6 (34... Qd5 $142 {( -> ...Ng5+)} 35. Rxg4+ Ng5+ 36. Kf1 Qb5+ 37. Kg2 Re2+ 38. Nf2 Rxf2+ (38... Qd5+ 39. Kg1 $11) 39. Kxf2 Qf5+ 40. Rf4 Nh3+ 41. Kf3 Nxf4 42. gxf4 f6) 35. Qh5 Kf8 36. Qh8+ Ke7 37. Qxd4 Rd8 38. Qe3 (38. Qxe4 $17 Rxd1 39. Qb4+ Qd6 40. Rxg4 (40. Qxd6+ cxd6 41. Rxg4 Rd2+ 42. Kh3 Rxa2 $19)) 38... f5 39. Rf1 $2 (39. Nf2 Rd2 40. Kf1 Rxf2+ (40... Rxa2 41. Nxe4 Qe5 42. Qc5+ Qxc5 43. Nxc5 $16) 41. Rxf2 Nxf2 42. Qxf2) 39... Rd2+ $19 40. Kg1 Qe5 41. Re1 Qd4 ({Less strong is} 41... Rxa2 42. Nc3 Rb2 43. Nxe4 fxe4 44. Qxe4 Qxe4 45. Rxe4+ Kd6 46. Rxg4 $17) 42. Qxd4 Rxd4 43. Ne3 (43. Nf2 {is a better defense.}) 43... Kf6 $19 (43... Nxg3 $2 {too greedy.} 44. Nxf5+ (44. Nxg4+ $2 {loses.} Re4 $19) 44... Kd7 45. Nxd4 $18) 44. Rc1 c5 45. Rc2 Nxg3 46. Rxc5 f4 $2 ({Black should try} 46... Rd2 $19 47. Nc4 Rxa2) 47. Nxg4+ $11 Ke6 48. Rxc7 Rd1+ 49. Kg2 Rd2+ 50. Kf3 Rxa2 51. Kxf4 Ne2+ 52. Ke3 Kd6 53. Rb7 Nc3 54. Kd3 Nd5 55. Ne3 Nxe3 56. Kxe3 Ra3 57. Kd4 Kc6 58. Rb8 Kc7 59. Rb5 Kc6 60. Kc4 a5 61. Rb8 Ra1 62. Rc8+ Kb6 63. Rb8+ Kc7 64. Rh8 a4 65. bxa4 Rxa4+ 1/2-1/2

[Event "French-ch U16-U18 2024"]
[Site "Agen"]
[Date "2024.04.16"]
[Round "4.13"]
[White "Grimault, Leane"]
[Black "Riss, Selenia"]
[Result "1/2-1/2"]
[ECO "A00"]
[WhiteElo "1930"]
[BlackElo "1763"]
[Annotator "NA RC"]
[PlyCount "52"]
[EventDate "2024.04.14"]
[EventType "swiss"]
[EventCountry "FRA"]
[SourceTitle "playchess.com"]
[Source "ChessBase"]
[SourceQuality "1"]
[TimeControl "5400+30"]

1. g3 d5 2. Bg2 Nf6 3. d3 e5 4. Nd2 Be6 5. Ngf3 Nbd7 6. O-O Bd6 7. c4 c6 8. cxd5 cxd5 9. e4 d4 10. Ng5 Bg4 11. f3 Bh5 12. g4 Bg6 13. Nc4 Bc7 14. f4 exf4 15. e5 Nxe5 16. Re1 Nfd7 17. Bxf4 O-O 18. Nxe5 Bxe5 19. Bxe5 Qxg5 20. Bxd4 Nf6 21. h3 Rad8 22. Bxa7 Rxd3 23. Qe2 h5 24. Be3 Qh4 25. Bf2 Qg5 26. Be3 Qa5 1/2-1/2

[Event "French-ch U16-U18 2024"]
[Site "Agen"]
[Date "2024.04.16"]
[Round "4.14"]
[White "Naville, Lea"]
[Black "Milojevic-Daim, Lola-Shaina"]
[Result "0-1"]
[ECO "D14"]
[WhiteElo "1745"]
[BlackElo "1867"]
[Annotator "NA RC"]
[PlyCount "110"]
[EventDate "2024.04.14"]
[EventType "swiss"]
[EventCountry "FRA"]
[SourceTitle "playchess.com"]
[Source "ChessBase"]
[SourceQuality "1"]
[TimeControl "5400+30"]

1. d4 d5 2. c4 c6 3. cxd5 cxd5 4. Bf4 Nf6 5. Nc3 Nc6 6. e3 Bf5 7. Nf3 e6 8. Qb3 Bb4 9. a3 Bxc3+ 10. bxc3 Qa5 11. Bb5 O-O 12. Bxc6 bxc6 13. O-O Qb5 14. Qxb5 cxb5 15. Nd2 Rfc8 16. Rfc1 Ne4 17. Nxe4 Bxe4 18. Bd6 Rc6 19. Bc5 g5 20. a4 bxa4 21. Rxa4 a6 22. Rca1 Bd3 23. h3 Kg7 24. Kh2 h5 25. Kg3 h4+ 26. Kh2 Kg6 27. g3 hxg3+ 28. Kxg3 Rh8 29. Rh1 Rcc8 30. Raa1 Rb8 31. Bb4 Rb5 32. Ra3 Ra8 33. Rha1 Rb7 34. Ra5 Bb5 35. Rd1 Rh8 36. Rh1 f6 37. f3 Rbh7 38. Ra2 f5 39. Bd6 Rh4 40. Rah2 a5 41. f4 g4 42. hxg4 Rxh2 43. Rxh2 Rxh2 44. Kxh2 fxg4 45. Kg3 Kf5 46. Bc7 a4 47. Bd6 Be2 48. Kf2 Bf3 49. Ke1 Ke4 50. Kf2 Kd3 51. Bb4 Kc2 52. Kg3 Kb3 53. Kf2 a3 54. Bxa3 Kxa3 55. Ke1 Kb3 0-1

[Event "French-ch U16-U18 2024"]
[Site "Agen"]
[Date "2024.04.16"]
[Round "4.15"]
[White "Dufeux, Elia"]
[Black "Kosteniuk, Kristina"]
[Result "1-0"]
[ECO "E04"]
[WhiteElo "1728"]
[BlackElo "1852"]
[Annotator "NA RC"]
[PlyCount "101"]
[EventDate "2024.04.14"]
[EventType "swiss"]
[EventCountry "FRA"]
[SourceTitle "playchess.com"]
[Source "ChessBase"]
[SourceQuality "1"]
[TimeControl "5400+30"]

1. d4 Nf6 2. Nf3 e6 3. g3 c5 4. Bg2 d5 5. O-O Nc6 6. c4 dxc4 7. dxc5 Qxd1 8. Rxd1 Bxc5 9. Nc3 O-O 10. Bf4 Ng4 11. Ne4 Bb6 12. h3 f5 13. hxg4 fxe4 14. Nh2 e5 15. Be3 Nd4 16. Kh1 Be6 17. Bxe4 Nxe2 18. Bxb6 axb6 19. Rf1 Rad8 20. Bxb7 Rd2 21. Rab1 Nd4 22. Kg2 Nc2 23. Kg1 Nb4 24. a3 Nd3 25. Nf3 Re2 26. Ng5 Bf7 27. Nxf7 Rxf7 28. Bd5 Nxb2 29. Bxf7+ Kxf7 30. Rfc1 b5 31. Kf1 Rd2 32. Ke1 Rd3 33. Rxb2 Rxa3 34. Rxb5 c3 35. Rc5 Ra4 36. R1xc3 Rxg4 37. Rxe5 Ra4 38. Rf3+ Kg6 39. Re6+ Kg5 40. Rf7 g6 41. Rxh7 Ra1+ 42. Ke2 Ra2+ 43. Kf1 Ra1+ 44. Kg2 Ra2 45. Rg7 Kh5 46. Rf6 g5 47. Kh3 g4+ 48. Rxg4 Ra1 49. Rf5+ Kh6 50. Rb4 Ra6 51. Rfb5 1-0

[Event "French-ch U16-U18 2024"]
[Site "Agen"]
[Date "2024.04.16"]
[Round "4.16"]
[White "Lesueur, Gabriel"]
[Black "Makkar, Rajat"]
[Result "1/2-1/2"]
[ECO "C47"]
[WhiteElo "2235"]
[BlackElo "2452"]
[Annotator "TA"]
[PlyCount "46"]
[EventDate "2024.04.14"]
[EventType "swiss"]
[EventCountry "FRA"]
[SourceTitle "playchess.com"]
[Source "ChessBase"]
[SourceQuality "1"]
[TimeControl "5400+30"]

1. e4 e5 2. Nf3 Nc6 3. Nc3 Nf6 4. Nd5 h6 5. d4 exd4 6. Bc4 (6. Bf4 $11 Nxd5 7. exd5 Bb4+ 8. Bd2 Bxd2+ 9. Qxd2) 6... Bc5 $1 $17 7. O-O d6 8. c3 {[%emt 0:12:25] Black is better.} dxc3 (8... Nxe4 $2 9. cxd4 Nxd4 10. Nxd4 $18) 9. b4 Bb6 (9... Bxb4 10. Nxb4 Nxb4 11. Qb3 $16) 10. Nxb6 (10. Nxc3 $142 Bg4 (10... Nxb4 11. Qb3 $14) 11. h3 Bxf3 12. Qxf3) 10... axb6 11. Qb3 O-O (11... Nxe4 12. Bxf7+ Kf8 13. Re1 $11) 12. Re1 Bg4 13. Qxc3 d5 (13... Bxf3 $17 14. gxf3 d5) 14. exd5 $15 Nxd5 15. Qb3 (15. Bxd5 $15 Qxd5 16. Ne5 Nxe5 17. Rxe5) 15... Ndxb4 {[%emt 0:08:46] ...Bxf3 is the strong threat.} (15... Ncxb4 {simplifies} 16. Bb2 c6 17. a3 Bxf3 18. axb4 Rxa1 19. Rxa1 b5) 16. Bb2 Bxf3 17. Qxf3 {[%emt 0:01:28] Black must now prevent Re4.} Qg5 $2 {[%emt 0:05:47] [#]} (17... Nd4 $17 {stays on course.} 18. Bxd4 Qxd4) 18. Re4 $1 $16 {[%emt 0:05:19] aiming for h4.} h5 {[%emt 0:10:02] [#]} 19. Rae1 (19. a3 $1 $16 {[%cal Oh2h4] And now h4! would win.} b5 20. h4) 19... Qg6 $1 $14 20. Qf4 ({White should play} 20. Re6 $14 fxe6 21. Rxe6 Rxf3 (21... Qf7 22. Rg6) 22. Rxg6+ Kh7 (22... Kf8 23. Bxg7+ Ke7 24. gxf3 $16) 23. Rxg7+ Kh6 24. gxf3) 20... b5 21. Bxb5 {[%emt 0:02:23] A strong pair of Bishops.} Rxa2 (21... Nd5 $11 22. Qf3 Nf6 (22... Rxa2 23. Qb3 $16) 23. Bxc6 bxc6 24. Bxf6 Qxf6) 22. Rxb4 $16 Nxb4 23. Qxb4 Raa8 {[%emt 0:09:57] Weighted Error Value: White=0.25 (precise) /Black=0.34.  Mistake:       	White=4     	Black=3      Inaccurate:     	---       	Black=2      OK:         	White=6     	Black=6      Best:        	White=2     	Black=1      Strong:       	White=1     	Black=2} 1/2-1/2

[Event "French-ch U16-U18 2024"]
[Site "Agen"]
[Date "2024.04.16"]
[Round "4.17"]
[White "Razafindratsima, Timothe"]
[Black "Schippke, Manon"]
[Result "1-0"]
[ECO "C45"]
[WhiteElo "2438"]
[BlackElo "2239"]
[Annotator "TA"]
[PlyCount "105"]
[EventDate "2024.04.14"]
[EventType "swiss"]
[EventCountry "FRA"]
[SourceTitle "playchess.com"]
[Source "ChessBase"]
[SourceQuality "1"]
[TimeControl "5400+30"]

1. e4 e5 2. Nf3 Nc6 3. d4 exd4 4. Nxd4 Nf6 5. Nxc6 bxc6 6. e5 Qe7 7. Qe2 Nd5 8. h4 Qe6 9. a3 {[%emt 0:08:01] Repels Nb4} ({Better is} 9. Nd2 $11) 9... d6 10. exd6 cxd6 {[%emt 0:00:07] The position is equal.} 11. b3 Be7 12. Bb2 O-O 13. Qxe6 Bxe6 14. Nd2 a5 15. g3 Rfe8 {[%emt 0:11:52] ...Bg4 would now be deadly.} 16. Bg2 Bf6 (16... Rec8 $11) 17. O-O-O $1 $14 Bxb2+ 18. Kxb2 Red8 19. Rhe1 Rac8 (19... Rab8 $16) 20. Ne4 (20. Nc4 $1 $18 {is the precise move to win.} a4 21. Bxd5 (21. bxa4 Ra8 $11) 21... cxd5 22. Nb6) 20... a4 21. c4 (21. bxa4 h6 $16) (21. Ng5 $1 $18 axb3 22. cxb3) 21... Nb6 $16 {[%emt 0:00:41] Hoping for ...axb3.} 22. Nxd6 Rb8 23. c5 {[%emt 0:00:19] And now b4 would win. White is more active.} (23. Bxc6 $2 Rxd6 (23... Nxc4+ 24. Nxc4 Rxb3+ 25. Ka1 $18) 24. Rxd6 Nxc4+ 25. Ka1 Nxd6 $19) 23... Bxb3 {[%emt 0:02:59] Black is weak on the dark squares} 24. cxb6 Bxd1 25. Rxd1 Rxb6+ 26. Kc2 {[%emt 0:00:33] Nc4 is the strong threat.} Rb3 27. Nc4 $1 (27. Bxc6 Rb6 (27... Rxa3 28. Bd5 $17) 28. Bxa4 (28. Be8 $2 Rbxd6 29. Rxd6 Rxd6 $19) (28. Nc4 Rxd1 29. Nxb6 Rd6 $17) 28... Rbxd6 (28... Rdxd6 29. Kc3 $17) 29. Rxd6 Rxd6 $17) 27... Rxd1 28. Kxd1 Rc3 {[%emt 0:00:08] White leaves nothing to chance now.} 29. Bf1 Kf8 {[%emt 0:01:22] [#]} (29... Rf3 $142) 30. Be2 $1 Rb3 31. Kd2 Rb7 32. Bf3 Ke7 33. Be4 Ke6 (33... Rd7+ $16 {keeps fighting.} 34. Bd3 Rd8) 34. Kc3 (34. Bxh7 g6 35. h5 Kf6 $17) 34... Rb3+ 35. Kd4 f5 $2 (35... Ke7 {was worth a try.} 36. Bxc6 Kd8 37. Bxa4 Rf3) 36. Bxc6 $18 f4 37. g4 h6 38. h5 Rb1 $2 (38... Kf6 {was called for.} 39. Bxa4 Rf3) 39. Ke4 (39. Bxa4 Rf1 40. Bb5 Rxf2 $18) 39... Re1+ 40. Kxf4 Rc1 {[%emt 0:00:04] [#]} 41. Bb5 Kd5 42. Ne3+ Kc5 $2 (42... Ke6 43. Ke4 (43. Bxa4 Rc3 $18) 43... Rc3 44. Bxa4 Rxa3) 43. Bxa4 Rc3 44. Be8 Rxa3 45. Nf5 Ra7 46. g5 hxg5+ 47. Kxg5 Kd5 48. Kg6 Ke5 49. Nxg7 {[%emt 0:00:23] aiming for h6.} Ra1 50. Nf5 Ra6+ 51. Kg5 Ra2 52. Ne3 {[%emt 0:01:38] Intending h6 and mate.} Ke6 53. f4 {[%emt 0:00:39] Weighted Error Value: White=0.16 (very precise) /Black=0.59.  Mistake:       	White=3     	Black=8      Inaccurate:     	---       	Black=4      OK:         	White=14    	Black=9      Best:        	White=2     	Black=4      Strong:       	White=3     	---} 1-0